 Dungeon Crawl Stone Soup version 0.30.1-11-g7821555f0a (webtiles) character file.

Game seed: 1206944274773434571

595 jfcaron the Covert (level 7, -17/56 HPs)
             Began as a Gnoll Brigand on Nov 4, 2023.
             Was a Follower of Okawaru.
             Killed by an exploding centaur zombie (41 damage)
             ... ignited by their inner flame
             ... in an ossuary.
             The game lasted 00:08:26 (3675 turns).

jfcaron the Covert (Gnoll Brigand)                  Turns: 3675, Time: 00:08:27

Health: -17/56     AC:  7    Str: 10 (12) XL:     7   Next: 40%
Magic:  10/10      EV: 12    Int: 16 (17) God:    Okawaru [*.....]
Gold:   269        SH:  0    Dex: 12 (13) Spells: 11/11 levels left

rFire   . . .        g - +1 whip (elec)
rCold   . . .        (no shield)
rNeg    . . .        f - +0 leather armour
rPois   .            (no helmet)
rElec   .            c - +0 cloak
rCorr   .            x - +1 pair of gloves
SInv    .            o - +0 pair of boots
Will    .....        (no amulet)
Stlth   +++          h - +6 ring of intelligence
HPRegen 0.29/turn    (no ring)
MPRegen 0.12/turn

%: no passive effects
@: marked
A: fangs 1, strong nose, distributed training, teleportitis 1
a: Renounce Religion, Heroism


You were in an ossuary.
You worshipped Okawaru.
Okawaru was aware of your devotion.
You visited 1 branch of the dungeon, and saw 5 of its levels.
You also visited: Ossuary.

You collected 269 gold pieces.

Inventory:

Hand Weapons
 a - a +2 dagger
 g - a +1 whip of electrocution (weapon)
   (You took it off an orc on level 4 of the Dungeon)
Missiles
 e - 3 poisoned darts
 l - 2 boomerangs (quivered)
 t - a stone
 z - a curare-tipped dart {!f}
Armour
 b - a +0 robe
 c - a +0 cloak (worn)
 f - a +0 leather armour (worn)
 o - a +0 pair of boots (worn)
 u - a +0 plate armour
 x - a +1 pair of gloves (worn)
Jewellery
 h - a +6 ring of intelligence (left hand)
   (You found it on level 2 of the Dungeon)
 i - a ring of protection from fire
   (You took it off a gnoll on level 4 of the Dungeon)
 q - a ring of ice
   (You found it on level 2 of the Dungeon)
Scrolls
 d - a scroll of amnesia
 r - 3 scrolls of noise
 w - a scroll of enchant armour
Potions
 j - 3 potions of haste
 m - 2 potions of might
 p - a potion of brilliance
 v - a potion of flight


   Skills:
 + Level 5.3 Fighting
 + Level 5.3 Short Blades
 + Level 2.5 Long Blades
 + Level 2.5 Axes
 + Level 2.5 Maces & Flails
 + Level 2.5 Polearms
 + Level 2.5 Staves
 + Level 2.5 Ranged Weapons
 + Level 5.3 Throwing
 + Level 2.5 Armour
 + Level 3.7 Dodging
 + Level 8.2 Stealth
 + Level 2.5 Shields
 + Level 2.5 Unarmed Combat
 + Level 2.5 Spellcasting
 + Level 2.1 Conjurations
 + Level 2.1 Hexes
 + Level 2.1 Summonings
 + Level 2.1 Necromancy
 + Level 2.1 Translocations
 + Level 2.1 Transmutations
 + Level 2.1 Fire Magic
 + Level 2.1 Ice Magic
 + Level 2.1 Air Magic
 + Level 2.1 Earth Magic
 + Level 2.1 Poison Magic
 + Level 2.8 Invocations
 + Level 2.5 Evocations


You had 11 spell levels left.
You didn't know any spells.
Your spell library was empty.

Dungeon Overview and Level Annotations

Branches:
Dungeon (5/15)             Temple (0/1) D:5         Ossuary (1/1)

Altars:
Elyvilon
Hepliaklqana
Makhleb
Nemelex Xobeh
Okawaru
Trog
Uskayaw
Wu Jian

Shops:
D:4 *


Innate Abilities, Weirdness & Mutations

You have very sharp teeth.
Your uncanny sense of smell can sniff out nearby items.
Your experience applies equally to all skills.
You are occasionally teleported next to monsters.


Message History

The centaur zombie hits you but does no damage.
The centaur zombie barely misses you.
You aren't carrying any items that you can evoke.
Unknown command.
Really read the scroll of immolation?
As you read the scroll of immolation, it crumbles to dust.
The creatures around you are filled with an inner flame!
The centaur zombie barely misses you.
The centaur zombie kicks you but does no damage.
You aren't carrying any items that you can evoke.
Okay, then.
Throw: 2 boomerangs
Press: ? - help, Q - select action, (/) - cycle Shift-Dir - straight line, f - hobgoblin zombie
Aim: a hobgoblin zombie (inner flame, 79% to hit)
You throw a boomerang. The boomerang barely misses the mummy.
The boomerang barely misses the hobgoblin zombie.
The centaur zombie misses you. The centaur zombie closely misses you.
Throw: 2 boomerangs
Press: ? - help, Q - select action, (/) - cycle Shift-Dir - straight line, f/p - hobgoblin zombie
Aim: a hobgoblin zombie (inner flame, 79% to hit)
You throw a boomerang.
The boomerang completely misses the mummy.
The boomerang hits the hobgoblin zombie!
Okawaru accepts your kill.
The hobgoblin zombie explodes!
The fiery explosion engulfs the mummy!!
The mummy is burned terribly!
Okawaru accepts your kill.
The fiery explosion engulfs the mummy!!!
The mummy is burned terribly!
Okawaru accepts your kill.
You can now gain great but temporary skills.
The fiery explosion engulfs the centaur zombie!!!
Okawaru accepts your kill.
The centaur zombie explodes!
The fiery explosion engulfs the mummy!!!
The mummy is burned terribly!
Okawaru accepts your kill. The fiery explosion engulfs you!!!
Ouch! That really hurt!
You die...

#.....^.#
##..^..##
#...^^#
#.....#
#..∩..#
#§§...#
#§§§..#
#§§...#
#§@§..#
#.....#
#.....#
##...##
#####


There were no monsters in sight!

Vanquished Creatures
  2 ogres
  A phantom (D:4)
  2 centaur zombies (Ossuary)
  3 orc priests
  2 iguanas (D:4)
  3 mummies (Ossuary)
  3 gnolls (D:4)
  7 adders
  3 worms (D:3)
  2 dart slugs
  5 orcs
  7 endoplasms
  A giant cockroach (D:3)
  6 goblins
  5 hobgoblins
  6 jackals
  3 quokkas
  2 ball pythons
  7 bats
  5 frilled lizards
  A hobgoblin zombie (Ossuary)
  7 kobolds
  3 rats
86 creatures vanquished.

Notes
Turn   | Place    | Note
-------+----------+-------------------------------------------
     0 | D:1      | jfcaron the Gnoll Brigand began the quest for the Orb.
     0 | D:1      | Reached XP level 1. HP: 20/20 MP: 1/1
   103 | D:1      | Reached XP level 2. HP: 21/26 MP: 2/2
   623 | D:1      | Reached XP level 3. HP: 31/31 MP: 3/3
  1093 | D:2      | Reached skill level 1 in Invocations
  1145 | D:2      | Reached skill level 1 in Long Blades
  1145 | D:2      | Reached skill level 1 in Axes
  1145 | D:2      | Reached skill level 1 in Maces & Flails
  1145 | D:2      | Reached skill level 1 in Polearms
  1145 | D:2      | Reached skill level 1 in Staves
  1145 | D:2      | Reached skill level 1 in Ranged Weapons
  1145 | D:2      | Reached skill level 1 in Armour
  1145 | D:2      | Reached skill level 1 in Shields
  1145 | D:2      | Reached skill level 1 in Unarmed Combat
  1145 | D:2      | Reached skill level 1 in Spellcasting
  1145 | D:2      | Reached skill level 1 in Evocations
  1415 | D:2      | Reached XP level 4. HP: 33/38 MP: 5/5
  2011 | D:3      | Found a white marble altar of Elyvilon.
  2080 | D:3      | Reached skill level 1 in Conjurations
  2080 | D:3      | Reached skill level 1 in Hexes
  2080 | D:3      | Reached skill level 1 in Summonings
  2080 | D:3      | Reached skill level 1 in Necromancy
  2080 | D:3      | Reached skill level 1 in Translocations
  2080 | D:3      | Reached skill level 1 in Transmutations
  2080 | D:3      | Reached skill level 1 in Fire Magic
  2080 | D:3      | Reached skill level 1 in Ice Magic
  2080 | D:3      | Reached skill level 1 in Air Magic
  2080 | D:3      | Reached skill level 1 in Earth Magic
  2080 | D:3      | Reached skill level 1 in Poison Magic
  2183 | D:3      | Reached XP level 5. HP: 22/43 MP: 5/7
  2511 | D:3      | Found an ornate altar of the Wu Jian Council.
  2512 | D:3      | Found a hide-covered altar of Uskayaw.
  2568 | D:4      | Found Ytua's Neck Hole.
  2714 | D:4      | HP: 1/43 [orc priest/divine providence (17)]
  2720 | D:4      | HP: 7/43 [orc priest/+0 short sword (5)]
  2722 | D:4      | Reached skill level 8 in Stealth
  2758 | D:4      | Reached XP level 6. HP: 24/50 MP: 8/8
  2910 | D:4      | Reached skill level 5 in Fighting
  2910 | D:4      | Reached skill level 5 in Short Blades
  2910 | D:4      | Reached skill level 5 in Throwing
  3038 | D:3      | Found a sparkling altar of Nemelex Xobeh.
  3038 | D:3      | Found an iron altar of Okawaru.
  3053 | D:3      | Became a worshipper of Warmaster Okawaru
  3255 | D:4      | Found a large runed translucent door.
  3257 | D:4      | Found a large runed translucent door.
  3297 | D:4      | Found a burning altar of Makhleb.
  3493 | D:4      | Found a hazy altar of Hepliaklqana.
  3514 | D:4      | Reached XP level 7. HP: 50/56 MP: 10/10
  3532 | D:4      | Found a bloodstained altar of Trog.
  3555 | D:5      | Entered Level 5 of the Dungeon
  3599 | D:5      | Gained mutation: You are occasionally teleported next to
                  | monsters. [potion of mutation]
  3606 | D:5      | Found a staircase to the Ecumenical Temple.
  3648 | D:5      | Found a sand-covered staircase.
  3654 | Ossuary  | Entered an ossuary
  3675 | Ossuary  | Reached * piety under Okawaru
  3675 | Ossuary  | Killed by an exploding centaur zombie... ignited by their
                  | inner flame

Illustrated notes

Levels and vault maps discovered:
D:1:      eino_arrival_cavern_e, layout_loops_ring, serial_park_tiny_2,
          chequers_jeans, serial_bayou_pond_d, minmay_indecisive_spiral
D:2:      layout_basic
D:3:      layout_rooms, nicolae_overflow_hidden_temple, nicolae_titane
D:4:      layout_basic, mainiacjoe_overflow_alcove_4, jmf_multi_god_temple2,
          nicolae_shop_sticking_my_neck_out
D:5:      layout_gridville, minmay_temple_entry_sparse_star, enter_ossuary_1,
          nicolae_underground_beach
Ossuary:  ossuary_the_hunt_dpeg

Skill      XL: |  1  2  3  4  5  6  7 |
---------------+----------------------+-----
Invocations    | 1 2 |  2.8
Long Blades    | 1 2 |  2.5
Axes           | 1 2 |  2.5
Maces & Flails | 1 2 |  2.5
Polearms       | 1 2 |  2.5
Staves         | 1 2 |  2.5
Ranged Weapons | 1 2 |  2.5
Armour         | 1 2 |  2.5
Shields        | 1 2 |  2.5
Unarmed Combat | 1 2 |  2.5
Spellcasting   | 1 2 |  2.5
Evocations     | 1 2 |  2.5
Conjurations   | 1 2 |  2.1
Hexes          | 1 2 |  2.1
Summonings     | 1 2 |  2.1
Necromancy     | 1 2 |  2.1
Translocations | 1 2 |  2.1
Transmutations | 1 2 |  2.1
Fire Magic     | 1 2 |  2.1
Ice Magic      | 1 2 |  2.1
Air Magic      | 1 2 |  2.1
Earth Magic    | 1 2 |  2.1
Poison Magic   | 1 2 |  2.1
Dodging        | 3 |  3.7
Stealth        | 8 |  8.2
Fighting       | 5 |  5.3
Short Blades   | 5 |  5.3
Throwing       | 5 |  5.3

Action                     |  1- 3 |  4- 6 |  7- 9 || total
---------------------------+-------+-------+-------++-------
  Melee: Dagger            |    76 |    70 |       ||   146
         Bite              |       |    12 |       ||    12
         Punch             |       |     2 |       ||     2
         Whip              |       |    34 |     9 ||    43
  Throw: Stone             |    13 |     8 |       ||    21
         Dart              |     5 |    66 |     4 ||    75
         Boomerang         |       |    11 |     2 ||    13
    Use: Scroll            |       |    12 |     3 ||    15
         Potion            |       |     3 |     4 ||     7
   Stab: Sleeping          |    15 |     5 |     1 ||    21
 Armour: Robe              |     2 |       |       ||     2
         Leather armour    |    13 |    27 |     8 ||    48
  Dodge: Dodged            |    34 |    43 |    17 ||    94

Table legend: (Time is in decaauts)
 A = Elapsed time spent in this place.
 B = Non-inter-level travel time spent in this place.
 C = Inter-level travel time spent in this place.
 D = Time resting spent in this place.
 E = Time spent auto-exploring this place.
 F = Levels seen in this place.
 G = Mean time per level.
                   A        B        C        D        E       F      G
               +--------+--------+--------+--------+--------+-----+--------+
         Total |   3633 |   3375 |    258 |    122 |   2538 |   6 |  605.5 |
       Dungeon |   3612 |   3354 |    258 |    122 |   2538 |   5 |  722.4 |
       Ossuary |     20 |     20 |      0 |      0 |      0 |   1 |   20.0 |
               +--------+--------+--------+--------+--------+-----+--------+

Top non-repeatable levels by time:
     D:4: 977 daAuts
     D:2: 975 daAuts
     D:1: 896 daAuts
     D:3: 665 daAuts
     D:5: 97 daAuts
 Ossuary: 20 daAuts

Table legend:
 A = Kills in this place as a percentage of kills in the entire game.
 B = Kills by you in this place as a percentage of kills by you in the entire game.
 C = Kills by friends in this place as a percentage of kills by friends in the entire game.
 D = Other kills in this place as a percentage of other kills in the entire game.
 E = Experience gained in this place as a percentage of experience gained in the entire game.
 F = Experience gained in this place divided by the number of levels of this place that you have seen.
                   A       B       C       D       E      F
               +-------+-------+-------+-------+-------+----------------------
         Total | 100.0 | 100.0 |   N/A |   N/A | 100.0 | 158.7
       Dungeon |  93.0 |  93.0 |   N/A |   N/A |  84.6 | 161.0
       Ossuary |   7.0 |   7.0 |   N/A |   N/A |  15.4 | 147.0
               +-------+-------+-------+-------+-------+----------------------

Levels and vault maps discovered:
D:1:      eino_arrival_cavern_e, layout_loops_ring, serial_park_tiny_2,
          chequers_jeans, serial_bayou_pond_d, minmay_indecisive_spiral
D:2:      layout_basic
D:3:      layout_rooms, nicolae_overflow_hidden_temple, nicolae_titane
D:4:      layout_basic, mainiacjoe_overflow_alcove_4, jmf_multi_god_temple2,
          nicolae_shop_sticking_my_neck_out
D:5:      layout_gridville, minmay_temple_entry_sparse_star, enter_ossuary_1,
          nicolae_underground_beach
Ossuary:  ossuary_the_hunt_dpeg
